AoeStats
← MkobeW

Arena

510240778Analyzed
4v4 RM · 12h ago on Sep 30, 2026· 52m 36s· 8 players
Game mode
Random Map
Map size
Large (8 player)
Population
200
Speed
Normal
Resources
Standard
Victory
Conquest
Starting age
Dark Age
Ending age
Imperial Age
RankedLock teamsTeams togetherTeam positionsShared explorationLock speedFull tech treeHidden civsTurbo modeCheats
Victory
Defeat
🇧🇷 Khmer · Brazil
1302
+16
🇲🇽 Huns · Mexico
1267
+18
🇧🇷 Britons · Brazil
1262
+18
🇺🇸 Armenians · United States
1245
+42
🇨🇳 Turks · China
1352
-20
🇨🇳 Persians · China
1344
-19
🇦🇷 Varangians · Argentina
1291
-17
🇲🇽 Teutons · Mexico
1219
-14
MkobeW
7:40 Loom
10:28 Feudal Age
11:16 Double-Bit Axe
12:39 Horse Collar
15:05 Fletching
21:02 Castle Age
20:50 Gold Mining
20:54 Stone Mining
21:41 Bodkin Arrow
23:36 Bow Saw
25:37 Heavy Plow
28:11 Wheelbarrow
29:40 Gold Shaft Mining
33:12 Imperial Age
31:25 Hand Cart
32:03 Padded Archer Armor
33:06 Ballistics
33:59 Bracer
34:15 Leather Archer Armor
35:14 Chemistry
33:48 Elite Composite Bowman
35:24 Conscription
36:00 Masonry
37:09 Ring Archer Armor
43:27 Scale Mail Armor
43:37 Forging
46:51 Fereters
46:09 Pikeman
46:49 Squires
46:35 Arson
47:51 Chain Mail Armor
48:11 Iron Casting
46:59 Halberdier
mairlarabe
11:20 Feudal Age
15:07 Castle Age
15:42 Loom
16:27 Double-Bit Axe
17:48 Bow Saw
20:30 Scale Barding Armor
24:01 Chain Barding Armor
26:53 Horse Collar
27:24 Marauders
28:08 Fletching
28:18 Padded Archer Armor
29:52 Wheelbarrow
29:12 Gold Mining
30:07 Leather Archer Armor
30:55 Bodkin Arrow
31:30 Ballistics
32:33 Husbandry
32:43 Bloodlines
32:58 Thumb Ring
33:00 Elite Skirmisher
37:45 Imperial Age
37:53 Heavy Cavalry Archer
38:44 Bracer
39:32 Parthian Tactics
41:01 Chemistry
42:33 Plate Barding Armor
42:08 Forging
41:22 Light Cavalry
42:12 Hussar
43:35 Elite Tarkan
44:36 Conscription
45:39 Iron Casting
47:20 Blast Furnace
Anton Webern
10:15 Feudal Age
10:45 Feudal Age
11:26 Double-Bit Axe
11:43 Loom
14:23 Castle Age
13:13 Horse Collar
15:38 Bow Saw
20:02 Heavy Plow
21:45 Wheelbarrow
23:00 Hand Cart
27:29 Imperial Age
25:23 Fletching
25:58 Loom
25:59 Town Watch
26:10 Gold Mining
26:18 Bodkin Arrow
26:24 Padded Archer Armor
26:47 Ballistics
30:00 Chemistry
29:01 Bracer
30:18 Two-Man Saw
29:35 Leather Archer Armor
28:43 Crossbowman
29:45 Arbalester
32:23 Yeomen
35:40 Ring Archer Armor
frantiescolucas
9:52 Feudal Age
8:59 Loom
13:39 Castle Age
13:42 Bloodlines
14:24 Husbandry
22:21 Wheelbarrow
22:24 Horse Collar
23:21 Double-Bit Axe
24:24 Hand Cart
24:09 Gold Mining
25:36 Gold Shaft Mining
25:25 Bow Saw
26:13 Heavy Plow
27:52 Town Watch
28:05 Stone Mining
31:13 Imperial Age
29:54 Scale Barding Armor
29:59 Forging
30:56 Stone Shaft Mining
31:40 Chain Barding Armor
31:28 Tusk Swords
32:05 Iron Casting
32:25 Conscription
32:44 Crop Rotation
34:03 Plate Barding Armor
33:22 Elite Battle Elephant
35:03 Blast Furnace
37:16 Light Cavalry
39:05 Hussar
46:37 Coinage
51:26 Banking
51:05 Caravan
CARAVEO
1:17 Loom
9:59 Feudal Age
12:50 Fletching
28:09 Horse Collar
28:30 Double-Bit Axe
33:48 Castle Age
32:39 Scale Barding Armor
34:52 Bloodlines
35:04 Chain Barding Armor
34:55 Forging
42:48 Heavy Plow
42:58 Bow Saw
43:31 Wheelbarrow
44:28 Iron Casting
45:07 Hand Cart
50:02 Imperial Age
FernecitoBranca
10:07 Feudal Age
14:18 Castle Age
12:52 Double-Bit Axe
13:23 Horse Collar
18:02 Stone Mining
25:00 Forging
25:21 Gold Mining
26:47 Wheelbarrow
27:49 Bow Saw
27:44 Heavy Plow
31:02 Iron Casting
32:21 Stone Shaft Mining
36:05 Imperial Age
35:17 Hand Cart
35:28 Scale Barding Armor
35:21 Loom
36:52 Elite Jarl
39:38 Blast Furnace
38:51 Onager
41:58 Scale Mail Armor
41:55 Pikeman
42:36 Squires
42:00 Elite Varangian Guard
43:20 Chain Mail Armor
Eiiisckhan
10:20 Feudal Age
14:25 Castle Age
12:36 Double-Bit Axe
12:57 Horse Collar
14:40 Wheelbarrow
16:38 Bow Saw
18:18 Loom
21:51 Gold Mining
27:10 Imperial Age
25:04 Town Watch
25:49 Fletching
26:23 Padded Archer Armor
27:19 Bloodlines
27:31 Leather Archer Armor
27:43 Heavy Plow
28:03 Bodkin Arrow
29:02 Parthian Tactics
29:17 Gold Shaft Mining
28:33 Stone Mining
29:51 Hand Cart
30:16 Bracer
30:35 Thumb Ring
31:43 Ballistics
31:50 Bombard Tower
31:09 Heavy Cavalry Archer
32:25 Sipahi
35:18 Ring Archer Armor
34:59 Forging
34:55 Scale Barding Armor
34:57 Husbandry
37:28 Masonry
40:34 Iron Casting
40:20 Chain Barding Armor
44:40 Plate Barding Armor
45:06 Blast Furnace
秦墨子
10:24 Feudal Age
12:05 Wheelbarrow
12:17 Double-Bit Axe
14:33 Castle Age
12:18 Horse Collar
16:25 Bow Saw
19:15 Heavy Plow
20:29 Forging
20:31 Gold Mining
21:01 Husbandry
23:13 Bloodlines
24:05 Iron Casting
23:36 Scale Barding Armor
24:40 Gold Shaft Mining
23:58 Stone Mining
24:43 Scale Barding Armor
25:21 Hand Cart
29:49 Imperial Age
27:06 Loom
28:11 Town Watch
29:53 Chain Barding Armor
29:24 Fletching
29:35 Padded Archer Armor
29:57 Ballistics
30:29 Conscription
30:17 Thumb Ring
29:50 Elite Skirmisher
30:36 Cavalier
31:26 Town Patrol
31:27 Bodkin Arrow
32:48 Chemistry
32:40 Leather Archer Armor
32:54 Heavy Camel Rider
34:04 Herbal Medicine
34:43 Ring Archer Armor
36:39 Blast Furnace
36:15 Plate Barding Armor
35:42 Light Cavalry
37:38 Hussar
45:22 Scale Mail Armor
44:42 Pikeman
46:50 Chain Mail Armor
46:38 Squires
47:18 Halberdier
47:43 Arson
52:32 Crop Rotation
53:03 Two-Man Saw
52:16 Caravan
Connection lost

Rejoining the realm…

Still unreachable

The connection could not be restored.

Session expired

The server has moved on; the page needs a fresh start.